 Dungeon Crawl Stone Soup version 0.17-a0-18-gc25b939 (webtiles) character file.

254 Herrn the Chopper (level 6, -1/37 HPs)
             Began as a Gargoyle Skald on Mar 6, 2015.
             Was a Follower of Cheibriados.
             Slain by an orc wizard
             ... wielding a +0 dagger
              (2 damage)
             ... on level 4 of the Dungeon.
             The game lasted 00:09:26 (2597 turns).

Herrn the Chopper (Gargoyle Skald)                  Turns: 2597, Time: 00:09:26

Health: -1/37      AC:  7    Str: 18    XL:     6   Next: 15%
Magic:  19/19      EV: 10    Int: 18    God:    Cheibriados [*.....]
Gold:   133        SH:  9    Dex: 12    Spells: 1 memorised, 8 levels left

rFire  . . .     SeeInvis .     a - +0 hand axe
rCold  . . .     Clarity  .     m - +1 robe {rN+}
rNeg   + + .     SustAb   .     t - +2 shield
rPois  ∞         Gourm    .     (no helmet)
rElec  +         Spirit   .     (no cloak)
rCorr  .         Warding  .     (no gloves)
rMut   .         Stasis   .     (no boots)
MR     .....                    r - amulet of regeneration
Stlth  ..........               g - ring of magical power
                                w - ring of loudness (curse)

@: very slow, not resistant to hostile enchantments, extremely unstealthy
A: negative energy resistance 1, electricity resistance, unbreathing,
petrification resistance, rot immunity, AC +4
a: Bend Time, Renounce Religion


You were on level 4 of the Dungeon.
You worshipped Cheibriados.
Cheibriados was aware of your devotion.
You were not hungry.

You visited 1 branch of the dungeon, and saw 4 of its levels.

You collected 133 gold pieces.

Inventory:

Hand weapons
 a - a +0 hand axe (weapon)
Armour
 k - a +0 plate armour
 m - a +1 robe of positive energy (worn)
 t - a +2 shield (worn)
Jewellery
 g - a ring of magical power (right hand)
 r - an amulet of regeneration (around neck)
 w - a cursed ring of loudness (left hand)
Magical devices
 y - a wand of teleportation (4)
Scrolls
 e - a scroll of enchant armour {unknown}
 f - 3 scrolls of magic mapping
 p - a scroll of teleportation {unknown}
 q - a scroll of recharging {unknown}
 s - 2 scrolls of fog {unknown}
 x - a scroll of enchant weapon {unknown}
Potions
 h - a potion of magic
Books
 c - a book of Battle

   Spells                             Type                      Level
   a - Infusion                       Charms                       1
   b - Shroud of Golubria             Charms/Translocation         2
   c - Song of Slaying                Charms                       2
   d - Spectral Weapon                Hexes/Charms                 3
   e - Regeneration                   Charms/Necromancy            3
Comestibles
 b - a slice of pizza
 d - 2 bread rations
 i - a royal jelly
 j - 2 meat rations
 l - 3 beef jerkies
 n - 2 chunks of flesh


   Skills:
 * Level 3.5 Fighting
 * Level 3.6 Axes
 + Level 1.5 Armour
 + Level 3.0 Dodging
 - Level 2.0 Spellcasting
 - Level 2.6 Charms


You had 8 spell levels left.
You knew the following spells:

 Your Spells              Type           Power        Failure   Level  Hunger
a - Infusion              Chrm           ##....       45%         1    #......


Dungeon Overview and Level Annotations

Branches:
Dungeon (4/15)
 Temple: D:4-7

Altars:
Cheibriados
Makhleb


Innate Abilities, Weirdness & Mutations

You are resistant to torment.
You are immune to poison.
Your stone body is very resilient (AC +4).
You resist negative energy.
You are resistant to electric shocks.
You can survive without breathing.
You are immune to petrification.
You are immune to rotting.


Message History

Something hits you but does no damage.
You closely miss something. Something hits you but does no damage.
You hear some strange, mumbled words.
The puff of flame hits you!
You miss something.
You hear some strange, mumbled words.
A puff of flame appears from out of thin air!
The puff of flame hits you!
* * * LOW HITPOINT WARNING * * *
Something hits you but does no damage.
You barely miss something. Something hits you but does no damage.
Something hits you but does no damage.
You barely miss something. Something hits you but does no damage.
You miss something.
You hear some strange, mumbled words.
The puff of flame hits you!
* * * LOW HITPOINT WARNING * * *
Something hits you but does no damage.
You miss something. Something hits you.
You die...

###
#.####<##########
#......{@.......#
#.####.#######.##
.... #....#
######


There were no monsters in sight!

Vanquished Creatures
  A scorpion (D:3)
  The ghost of Scytalen the Poker, a weakling DsAK of Lugonu (D:3)
  A hound (D:2)
  An orc wizard (D:3)
  A killer bee zombie (D:3)
  2 adders (D:2)
  A giant mite (D:3)
  2 worms
  A giant gecko (D:2)
  4 orcs
  4 giant cockroaches
  9 goblins
  4 hobgoblins
  4 kobolds
  A quokka (D:2)
  7 bats
  A giant newt (D:2)
  8 rats
53 creatures vanquished.

Vanquished Creatures (others)
  An orc (D:4)
1 creature vanquished.

Grand Total: 54 creatures vanquished

Notes
Turn   | Place    | Note
--------------------------------------------------------------
     0 | D:1      | Herrn, the Gargoyle Skald, began the quest for the Orb.
     0 | D:1      | Reached XP level 1. HP: 12/12 MP: 3/3
   466 | D:1      | Reached XP level 2. HP: 9/18 MP: 4/4
  1150 | D:2      | Found a snail-covered altar of Cheibriados.
  1169 | D:2      | Became a worshipper of Cheibriados the Contemplative
  1276 | D:2      | Reached skill level 1 in Dodging
  1297 | D:2      | Reached XP level 3. HP: 22/22 MP: 6/6
  1533 | D:2      | Found a burning altar of Makhleb.
  1540 | D:2      | Reached skill level 3 in Fighting
  1540 | D:2      | Reached XP level 4. HP: 14/28 MP: 7/7
  1670 | D:3      | Noticed Scytalen's ghost (weakling DsAK)
  1811 | D:3      | Acquired Cheibriados' first power
  1919 | D:3      | Reached XP level 5. HP: 30/32 MP: 9/9
  2239 | D:3      | Killed Scytalen's ghost
  2545 | D:3      | Reached XP level 6. HP: 37/37 MP: 10/10
  2589 | D:4      | HP: 1/37 [something (2)]
  2596 | D:4      | HP: 1/37 [something/puff of flame (4)]
  2597 | D:4      | Slain by an orc wizard

Action                   |  1- 3 |  4- 6 || total
-------------------------+-------+-------++-------
Melee: Hand axe          |   131 |   205 ||   336
 Cast: Infusion          |       |     1 ||     1
  Use: Scroll            |     2 |     2 ||     4
       Potion            |       |     4 ||     4
  Eat: Chunk             |     2 |     4 ||     6
